 Dungeon Crawl Stone Soup version 0.31.0-11-ge490571c62 (webtiles) character file.

Game seed: 16504055547888524996

18405 Gadfly the Grappler (level 12, -8/92 HPs)
             Began as a Demonspawn Shapeshifter on Jan 26, 2024.
             Was a Believer of Ru.
             Killed from afar by a molten gargoyle (10 damage)
             ... with a bolt of magma
             ... while petrified by a catoblepas
             ... in a Gauntlet.
             The game lasted 00:31:58 (16123 turns).

Gadfly the Grappler (Demonspawn Shapeshifter)      Turns: 16123, Time: 00:31:58

Health: -8/92      AC:  3    Str: 19    XL:     12   Next: 27%
Magic:  12/12      EV:  2    Int: 11    God:    Ru [**....]
Gold:   911        SH:  0    Dex: 13    Spells: 7/11 levels left

rFire   . .          .
                       - Unarmed
rCold   . . .        (shield currently unavailable)
rNeg    + + +        u - melded +2 robe {Will+}
rPois   ∞            (no helmet)
rElec   .            r - +2 cloak
rCorr   .            (gloves unavailable)
SInv    .            (boots unavailable)
Will    .....        H - dreamdust necklace {Acrobat}
Stlth   +            g - ring of positive energy
HPRegen 0.35/turn    s - ring of flight
MPRegen 0.26/turn

%: no teleportation, acrobat
@: flux-form, petrified, flying, glowing, studying Polearms
A: glow, contaminating, hooves 3, foul stench 1, magic regeneration, inability
to train armour, no air magic, no alchemy magic, no summoning magic, weakness
stinger 2, demonic touch 3
a: Begin Untransformation, Renounce Religion


You were in a Gauntlet.
You worshipped Ru.
Ru was pleased with you.
You were something dangerously unstable.
You visited 3 branches of the dungeon, and saw 15 of its levels.
You also visited: Gauntlet.

You collected 911 gold pieces.

Inventory:

Hand Weapons
 b - a +2 dagger of venom
 z - a +4 scimitar
 A - a +4 mace of protection
Armour
 m - a +0 pair of gloves
 r - a +2 cloak (worn)
 u - a +2 robe of willpower (melded)
 F - a +1 robe of cold resistance
Jewellery
 g - a ring of positive energy (left hand)
 n - the amulet "Fivatalown" {Reflect Harm *Slow rN+ Will+ SH+5}
   (You found it in a Gauntlet)

   [amulet of reflection]

   Reflect:   It reflects blocked missile attacks.
   rN+:       It protects you from negative energy.
   Will+:     It increases your willpower.
   *Slow:     It may slow you when you take damage.
   SH+5:      It affects your SH (+5).
   Harm:      It increases damage dealt and taken.
 s - a ring of flight (right hand)
 C - a ring of fire
 E - a ring of ice
 H - the dreamdust necklace (around neck) {Acrobat}
   (You found it in a Gauntlet)

   [amulet of the acrobat]

   Acrobat:   It increases your evasion while moving and waiting.
Talismans
 c - a beast talisman
 d - a flux talisman (active)
Wands
 k - a wand of mindburst (6)
 q - a wand of flame (8) (quivered)
 x - a wand of polymorph (5)
 y - a wand of quicksilver (1)
Scrolls
 a - 5 scrolls of revelation
 o - 3 scrolls of teleportation
 p - 4 scrolls of torment
 t - 4 scrolls of poison
 B - a scroll of blinking
 G - a scroll of fear
Potions
 e - 2 potions of curing
 f - 2 potions of berserk rage
 h - 2 potions of attraction
 i - 4 potions of lignification
 j - 4 potions of enlightenment
 l - 2 potions of heal wounds
 v - a potion of mutation
 w - a potion of haste
 D - a potion of might


   Skills:
 + Level 8.1 Fighting
 + Level 8.0 Dodging
 * Level 10.1 Unarmed Combat
 + Level 8.2 Evocations
 * Level 9.3 Shapeshifting


You had 7 spell levels left.
You knew the following spells:

 Your Spells              Type           Power      Damage    Failure   Level
a - Apportation           Tloc           0%         N/A       34%         1
b - Sigil of Binding      Hex            0%         N/A       71%         3

Your spell library contained the following spells:

 Spells                   Type           Power      Damage    Failure   Level
 Necrotise                Necr           0%         1d4       34%         1
 Slow                     Hex            0%         N/A       34%         1
 Scorch                   Fire           0%         2d5       47%         2
 Confusing Touch          Hex            0%         N/A       71%         3
 Frozen Ramparts          Ice            0%         1d1       71%         3
 Vampiric Draining        Necr           0%         2d6       71%         3
 Cause Fear               Hex            0%         N/A       98%         4
 Flame Wave               Conj/Fire      0%         2d4       98%         4
 Fireball                 Conj/Fire      0%         3d3       100%        5
 Metabolic Englaciation   Hex/Ice        0%         N/A       100%        5
 Fire Storm               Conj/Fire      0%         5d1       100%        9
 Sting                    Conj/Alch      Unusable   1d3       N/A         1
 Summon Small Mammal      Summ           Unusable   N/A       N/A         1
 Mercury Vapours          Alch/Air       Unusable   N/A       N/A         2
 Leda's Liquefaction      Alch/Erth      Unusable   N/A       N/A         4
 Olgreb's Toxic Radiance  Alch           Unusable   N/A       N/A         4
 Petrify                  Alch/Erth      Unusable   N/A       N/A         4
 Yara's Violent Unravell  Hex/Alch       Unusable   3d3       N/A         5
 Summon Cactus Giant      Summ           Unusable   N/A       N/A         6
 Dragon's Call            Summ           Unusable   N/A       N/A         9

Dungeon Overview and Level Annotations

Branches:
Dungeon (12/15)            Temple (1/1) D:7            Lair (2/5) D:11
 Spider (0/4) Lair:2          Orc (0/2) D:11        Gauntlet (1/1)
  Swamp: Lair:2-3    Shoals: Lair:2-3

Altars:
Ashenzari
Cheibriados
Dithmenos
Fedhas
Gozag
Hepliaklqana
Kikubaaqudgha
Makhleb
Nemelex Xobeh
Okawaru
Qazlal
Ru
Sif Muna
Trog
Uskayaw
Vehumet
Wu Jian
Xom
Yredelemnul

Shops:
D:1 (

Annotations:
Gauntlet 7 transporters, 10 runed translucent doors, exclusion: obsidian statue


Innate Abilities, Weirdness & Mutations

You are something dangerously unstable.
You glow with magical radiation, making you easy to see and hit.
Foes you strike become dangerously contaminated with magical radiation.
You are immune to poison.
You are incapable of wielding weapons or throwing items.
You have hooves in place of feet.
You may rarely emit foul miasma when damaged in melee.
You regenerate magic rapidly.
You cannot train Armour skill.
You cannot study or cast Air magic.
You cannot study or cast Alchemy magic.
You cannot study or cast Summoning magic.
You have a tail ending in a sharp stinger.
Your touch may irresistibly damage your foes and sap their willpower.


Message History

The catoblepas glows dangerously bright.
You tail-slap the catoblepas.
The catoblepas is severely wounded.
You are engulfed in calcifying dust.
You are slowing down.
The catoblepas breathes a plume of calcifying dust at you.
The blast of calcifying dust hits you.
The catoblepas roars fiercely, eyes lowered.
The catoblepas breathes a plume of calcifying dust at you.
The blast of calcifying dust hits you.
Your limbs are stiffening.
You hit the catoblepas.
The catoblepas shudders as magic cascades through it!!
You kill the catoblepas!
You are engulfed in calcifying dust.
You have turned to stone.
Your Dodging skill increases to level 8!
You are engulfed in calcifying dust.
You redirect the molten gargoyle's attack!
The molten gargoyle hits itself with a +0 dire flail!
The molten gargoyle blasts magma at you!
The bolt of magma hits the molten gargoyle.
The molten gargoyle partially resists.
The bolt of magma hits you!!
You focus your inner power and illuminate the molten gargoyle in retribution!
You are engulfed in calcifying dust.
The molten gargoyle hits you with a +0 dire flail.
You are engulfed in flames!
The molten gargoyle begins to attack, but is stunned by your conviction!
The molten gargoyle hits you with a +0 dire flail!!
You are engulfed in flames!
* * * LOW HITPOINT WARNING * * *
The molten gargoyle blasts magma at you!
The bolt of magma hits the molten gargoyle.
The molten gargoyle partially resists.
The bolt of magma hits you!!
* * * LOW HITPOINT WARNING * * *
The molten gargoyle blasts magma at you!
The bolt of magma hits you!!!
Your necklace shatters, unleashing a wave of protective dreams!
You dream of life, friendship, and clouds.
The molten gargoyle blasts magma at you!
The bolt of magma hits you!!
You die...

.###########...###########..###
.#..?[©.[..#...#..=!©)...#..#
.#....8....#...#..#9..#..#..###
.#.#######.#...#.#######.#..#8#
.#.#.#.#.#.#...##..#.#..##..###
.#....©....#...#....©....#..#
.##.#.#.#.##...##9.#.#..##..###
.#.#######.#...#x##...##.#..#8#
.#.........#...#p9#§..#..#..###
.#.........#...#.D§#.#...#..#
.###########...###########..###
....#.©.#....§....#.©.#.....#8#
..8.#...#...§8≈...#...#.8...###
....#.©.#....§....#.©.#.....#
.###########...###########..###
.#...$©$[..#...#...)©....#..#8#
.#..##.##..#...#.........#..###


You could see 2 molten gargoyles, a friendly worldbinder (summoned) and a
friendly steam dragon (summoned).

Vanquished Creatures
  A reaper (Gauntlet)
  Fannar (D:11)
  2 catoblepae
  2 two-headed ogres (D:11)
  A centaur warrior (D:10)
  A manticore (D:11)
  2 cyclopes (D:11)
  An ugly thing (D:10)
  5 elephants (Lair:1)
  A meliai (D:10)
  2 gargoyles
  2 cane toads
  A kobold demonologist (D:11)
  A komodo dragon (Lair:2)
  A hornet (D:9)
  Grinder (D:6)
  8 yaks
  A wraith (D:11)
  A vampire (D:10)
  A basilisk (Lair:1)
  3 wyverns
  A steam dragon (Gauntlet)
  Edmund (D:6)
  3 acid dragons (D:10)
  5 water moccasins
  6 orc warriors
  A sky beast (D:6)
  3 ice beasts
  3 black bears
  An ogre (D:6)
  2 centaurs
  2 phantoms
  4 kobold brigands
  A necrophage (D:6)
  5 bullfrogs
  2 scorpions (D:5)
  8 wights (D:9)
  8 killer bees (D:8)
  8 howler monkeys
  5 electric eels (D:11)
  2 jellies
  11 orc priests
  A bombardier beetle (D:6)
  5 hounds
  2 sleepcaps
  Ijyb (D:3)
  Jessica (D:2)
  5 iguanas
  Natasha (thrice) (D:2)
  16 orc wizards
  A hound skeleton (D:6)
  5 adders
  2 shadow imps (Gauntlet)
  A white imp (D:6)
  2 ufetubi (D:7)
  6 dart slugs
  34 orcs
  7 ball pythons
  2 bat zombies (D:4)
  8 endoplasms
  2 giant cockroaches
  10 goblins
  7 hobgoblins
  33 kobolds
  3 quokkas
  3 bats
  3 frilled lizards
  3 rats (D:2)
287 creatures vanquished.

Vanquished Creatures (others)
  A raiju (Gauntlet)
  5 dream sheep (D:7)
  A wraith (D:11)
  A steam dragon (Gauntlet)
  An orc wizard (D:11)
  2 kobolds
11 creatures vanquished.

Grand Total: 298 creatures vanquished

Notes
Turn   | Place    | Note
-------+----------+-------------------------------------------
     0 | D:1      | Gadfly the Demonspawn Shapeshifter began the quest for the
                  | Orb.
     0 | D:1      | Reached XP level 1. HP: 15/15 MP: 1/1
   238 | D:1      | Discovered your monstrous ancestry.
   238 | D:1      | Gained mutation: Your touch may inflict minor irresistible
                  | damage on your foes. [demonic ancestry]
   238 | D:1      | Reached XP level 2. HP: 21/21 MP: 2/2
   692 | D:1      | Reached skill level 1 in Evocations
   807 | D:1      | Found Paigimea's Antique Weapon Shop.
   979 | D:2      | Gained mutation: Your touch may inflict irresistible damage
                  | on your foes. [demonic ancestry]
   979 | D:2      | Reached XP level 3. HP: 19/26 MP: 3/3
   982 | D:2      | Reached skill level 3 in Unarmed Combat
  1238 | D:2      | Noticed Jessica
  1269 | D:2      | Killed Jessica
  1270 | D:2      | Gained mutation: You have large cloven feet. [demonic
                  | ancestry]
  1270 | D:2      | Reached XP level 4. HP: 4/33 MP: 4/4
  1397 | D:2      | Learned a level 1 spell: Apportation
  1420 | D:2      | Got the Incunabulum of the Coals and Distillation
  1489 | D:2      | Noticed Natasha
  1496 | D:2      | Killed Natasha
  1509 | D:2      | Noticed Natasha
  1520 | D:2      | Killed Natasha
  1521 | D:2      | Gained mutation: You have hoof-like feet. [demonic
                  | ancestry]
  1521 | D:2      | Reached XP level 5. HP: 21/38 MP: 5/5
  1843 | D:2      | Found a faded altar of an unknown god.
  1848 | D:2      | Noticed Natasha
  1852 | D:2      | Killed Natasha
  1911 | D:3      | Noticed Ijyb
  1925 | D:3      | Killed Ijyb
  2253 | D:3      | Found a sparkling altar of Nemelex Xobeh.
  2584 | D:3      | Noticed a phantom
  2593 | D:3      | Killed a phantom
  2594 | D:3      | Gained mutation: You have hooves in place of feet. [demonic
                  | ancestry]
  2594 | D:3      | Reached XP level 6. HP: 29/46 MP: 6/6
  3682 | D:4      | Found an ancient bone altar of Kikubaaqudgha.
  3842 | D:5      | Entered Level 5 of the Dungeon
  4067 | D:5      | Found a sacrificial altar of Ru.
  4118 | D:5      | Reached XP level 7. HP: 35/52 MP: 7/7
  4196 | D:5      | Became a worshipper of Ru the Awakened
  4204 | D:5      | Reached skill level 4 in Unarmed Combat
  4751 | D:5      | Gained mutation: You may rarely emit foul miasma when
                  | damaged in melee. [demonic ancestry]
  4751 | D:5      | Reached XP level 8. HP: 59/60 MP: 8/8
  4819 | D:5      | You fall into a shaft and drop 1 floor!
  4867 | D:6      | Noticed Edmund
  5071 | D:6      | Killed Edmund
  5072 | D:6      | Reached skill level 5 in Unarmed Combat
  5476 | D:6      | Reached skill level 5 in Dodging
  5476 | D:6      | Reached skill level 5 in Shapeshifting
  5906 | D:6      | Reached skill level 5 in Evocations
  5932 | D:6      | Gained mutation: Your touch may irresistibly damage your
                  | foes and sap their willpower. [demonic ancestry]
  5932 | D:6      | Reached XP level 9. HP: 66/66 MP: 9/9
  5964 | D:6      | Found a burning altar of Makhleb.
  6087 | D:6      | Noticed Grinder
  6092 | D:6      | Killed Grinder
  6301 | D:7      | Reached skill level 6 in Unarmed Combat
  6403 | D:7      | Gained mutation: You cannot train Armour skill. [Ru
                  | sacrifice]
  6403 | D:7      | Reached * piety under Ru
  6410 | D:7      | Reached skill level 5 in Fighting
  6880 | D:7      | Found a shimmering altar of Xom.
  7046 | D:7      | Found a staircase to the Ecumenical Temple.
  7056 | Temple   | Entered the Ecumenical Temple
  7629 | D:8      | Identified the +0 chain mail of Zinyhymug {Str+8 Dex-3
                  | Stlth-}
  8222 | D:8      | Found an iron altar of Okawaru.
  8239 | D:8      | Reached skill level 7 in Unarmed Combat
  8247 | D:8      | Gained mutation: You regenerate magic rapidly. [demonic
                  | ancestry]
  8247 | D:8      | Reached XP level 10. HP: 15/75 MP: 10/10
  8619 | D:9      | Learned a level 3 spell: Sigil of Binding
  9411 | D:9      | Identified the +0 ring mail "Gylell" {Rampage rCorr Dex-3
                  | SInv}
  9588 | D:9      | Gained mutation: You cannot study or cast Air magic. [Ru
                  | sacrifice]
  9588 | D:9      | Gained mutation: You cannot study or cast Alchemy magic.
                  | [Ru sacrifice]
  9588 | D:9      | Gained mutation: You cannot study or cast Summoning magic.
                  | [Ru sacrifice]
  9588 | D:9      | Reached ** piety under Ru
  9670 | D:10     | Entered Level 10 of the Dungeon
  9889 | D:10     | Noticed a meliai
  9890 | D:10     | Noticed a cyan ugly thing
  9912 | D:10     | Killed a cyan ugly thing
  9988 | D:10     | Noticed a gargoyle
 10000 | D:10     | Killed a gargoyle
 10011 | D:10     | Killed a meliai
 10012 | D:10     | Reached skill level 8 in Unarmed Combat
 10187 | D:10     | Noticed a centaur warrior
 10194 | D:10     | Killed a centaur warrior
 10433 | D:10     | Found a snail-covered altar of Cheibriados.
 10474 | D:10     | Found a shadowy altar of Dithmenos.
 10682 | D:10     | Gained mutation: You have a small tail. [demonic ancestry]
 10682 | D:10     | Reached XP level 11. HP: 52/83 MP: 11/11
 10996 | D:10     | Found a hazy altar of Hepliaklqana.
 11846 | D:11     | Found a staircase to the Lair.
 12316 | D:11     | Found a staircase to the Orcish Mines.
 12324 | D:11     | Noticed a two-headed ogre
 12334 | D:11     | Killed a two-headed ogre
 12438 | D:11     | Reached skill level 9 in Unarmed Combat
 12533 | D:11     | Noticed a two-headed ogre
 12537 | D:11     | Killed a two-headed ogre
 12765 | D:11     | Noticed Fannar
 13106 | D:11     | Killed Fannar
 13614 | Lair:1   | Entered Level 1 of the Lair of Beasts
 13922 | Lair:1   | Identified the +0 robe of Matsokk {Harm MP+9 Int-4 Slay-6}
 14506 | Lair:1   | Noticed a catoblepas
 14516 | Lair:1   | Killed a catoblepas
 14517 | Lair:1   | Gained mutation: You have a tail ending in a sharp stinger.
                  | [demonic ancestry]
 14517 | Lair:1   | Reached XP level 12. HP: 57/92 MP: 12/12
 15098 | Lair:2   | Found a gate leading to a gauntlet.
 15108 | Gauntlet | Entered a Gauntlet
 15108 | Gauntlet | Found a transporter.
 15108 | Gauntlet | Found a transporter.
 15211 | Gauntlet | Found a transporter.
 15214 | Gauntlet | Found a transporter.
 15214 | Gauntlet | Found a transporter.
 15214 | Gauntlet | Found a transporter.
 15216 | Gauntlet | Found a large runed translucent door.
 15217 | Gauntlet | Found a large runed translucent door.
 15218 | Gauntlet | Found a large runed translucent door.
 15218 | Gauntlet | Found a large runed translucent door.
 15218 | Gauntlet | Found a runed translucent door.
 15218 | Gauntlet | Found a runed translucent door.
 15219 | Gauntlet | Found a large runed translucent door.
 15220 | Gauntlet | Found a large runed translucent door.
 15221 | Gauntlet | Found a large runed translucent door.
 15221 | Gauntlet | Found a large runed translucent door.
 15222 | Gauntlet | Found a runed translucent gate.
 15222 | Gauntlet | Found a runed translucent gate.
 15222 | Gauntlet | Found a runed translucent gate.
 15223 | Gauntlet | Noticed a reaper
 15224 | Gauntlet | Found a transporter.
 15228 | Gauntlet | Found a transporter.
 15242 | Gauntlet | Noticed a catoblepas
 15243 | Gauntlet | Found a transporter.
 15244 | Gauntlet | Found a transporter.
 15262 | Gauntlet | Found a transporter.
 15266 | Gauntlet | Found a transporter.
 15324 | Gauntlet | Found the dreamshard necklace {Acrobat *Dream}
 15330 | Gauntlet | Found a large runed translucent door.
 15331 | Gauntlet | Found a large runed translucent door.
 15332 | Gauntlet | Found a large runed translucent door.
 15332 | Gauntlet | Found a large runed translucent door.
 15333 | Gauntlet | Found a large runed translucent door.
 15334 | Gauntlet | Found a large runed translucent door.
 15335 | Gauntlet | Found a large runed translucent door.
 15335 | Gauntlet | Found a large runed translucent door.
 15874 | Gauntlet | Killed a reaper
 15875 | Gauntlet | Reached skill level 10 in Unarmed Combat
 16092 | Gauntlet | Identified the amulet "Fivatalown" {Reflect Harm *Slow rN+
                  | Will+ SH+5}
 16117 | Gauntlet | Killed a catoblepas
 16122 | Gauntlet | Saved by the dreamshard amulet
 16123 | Gauntlet | Killed from afar by a molten gargoyle

Illustrated notes

Levels and vault maps discovered:
D:1:      dpeg_arrival_castle, layout_basic, serial_shops, shop
D:2:      layout_basic, hellmonk_ecumenical_altar_leap_of_faith,
          grunt_ministairs_2, uniq_natasha, uniq_jessica
D:3:      minmay_spotlight, layout_loops_corners,
          nicolae_overflow_hidden_temple, uniq_ijyb
D:4:      layout_basic, lemuel_zombie_altar_kikubaaqudgha
D:5:      black_bear_nest_2, layout_basic, nicolae_ru_awakened_eye, st_stairs_4,
          kennysheep_minor_cross
D:6:      layout_basic, makhleb_blood_cavern_becter, minmay_manual_monstrance,
          uniq_grinder, uniq_edmund
D:7:      layout_loops_ring, kb_xom_exploding_sheep,
          minmay_temple_entry_proselytizer
D:8:      layout_loops_ring, okawaru_trees_1, nicolae_the_louvre
D:9:      layout_roguey
D:10:     minmay_chambers_of_sixes, layout_irregular_city,
          mainiacjoe_overflow_boulevard, mainiacjoe_overflow_24_doors,
          gammafunk_temple_overflow_wave
D:11:     layout_basic, lair_entry_dummy, minmay_orc_entry_temple_large,
          uniq_fannar
D:12:     layout_layer_cave, nicolae_houndstooth_variations, uniq_frances,
          uniq_sonja, uniq_erolcha
Temple:   hc_temple_tempest_star
Lair:1:   layout_long_grid
Lair:2:   layout_cave_pods, nicolae_spider_entry_tight_spaces,
          gauntlet_entry_generic
Gauntlet: gammafunk_gauntlet_hard_choice [gammafunk_gauntlet_arena_mazey,
          gammafunk_gauntlet_arena_grid, nicolae_gauntlet_arena_quarters,
          minmay_gauntlet_arena_make_your_own_arena,
          gammafunk_gauntlet_arena_teeth, gammafunk_gauntlet_arena_chambers,
          gauntlet_exit_hidden_loot]

Skill      XL: |  1  2  3  4  5  6  7  8  9 10 11 12 |
---------------+-------------------------------------+-----
Dodging        | 2 3 4 5 6 7 8 |  8.0
Evocations     | 1 2 3 4 5 6 7 8 |  8.2
Unarmed Combat | 3 4 5 7 8 9 10 | 10.1
Fighting       | 2 3 4 5 6 7 8 |  8.1
Shapeshifting  | 3 4 5 6 7 8 9 |  9.3

Action                     |  1- 3 |  4- 6 |  7- 9 | 10-12 || total
---------------------------+-------+-------+-------+-------++-------
  Melee: Unarmed           |    26 |    35 |   253 |   342 ||   656
         Punch             |     1 |     3 |     8 |     5 ||    17
         Short sword       |    62 |    75 |       |       ||   137
         Touch             |    12 |    10 |    34 |    75 ||   131
         Kick              |       |    32 |    71 |   147 ||   250
         Tailslap          |       |       |       |    48 ||    48
   Cast: Sigil of Binding  |       |       |       |     1 ||     1
 Invoke: Sacrifice Durabil |       |       |     1 |       ||     1
         Sacrifice Arcana  |       |       |       |     1 ||     1
         Reject Sacrifices |       |       |       |     1 ||     1
Ability: Begin Untransform |     1 |     1 |       |     1 ||     3
  Evoke: Wand              |       |       |     6 |    15 ||    21
    Use: Scroll            |     5 |     6 |     6 |     6 ||    23
         Potion            |       |       |     2 |     2 ||     4
   Stab: Sleeping          |     1 |     3 |       |       ||     4
 Armour: Animal skin       |    51 |    46 |       |       ||    97
         Robe              |       |    15 |   139 |    93 ||   247
         Skin              |       |       |       |    75 ||    75
  Dodge: Dodged            |    74 |    61 |   148 |   253 ||   536
   Form: Beast             |       |     2 |       |     1 ||     3
         Flux              |       |       |       |     2 ||     2
